 Dungeon Crawl Stone Soup version 0.27-a0-1137-g3ef0f4ec91 (webtiles) character file.

Game seed: 13180121874803139534

28 kae the Skirmisher (level 3, -1/29 HPs)
             Began as a Demonspawn Abyssal Knight on May 6, 2021.
             Was a Believer of Lugonu.
             Succumbed to a kobold's poison
             ... on level 1 of the Dungeon.
             The game lasted 00:00:33 (1297 turns).

kae the Skirmisher (Demonspawn Abyssal Knight)      Turns: 1297, Time: 00:00:34

Health: -1/29      AC:  3    Str: 13    XL:     3   Next: 0%
Magic:  5/5        EV: 11    Int: 15    God:    Lugonu [**....]
Gold:   21         SH:  0    Dex: 12    Spells: 2/2 levels left

rFire    . . .     SeeInvis .   a - +1 falchion
rCold    . . .     Faith    .   (no shield)
rNeg     . . .     Spirit   .   b - +0 leather armour
rPois    .         Reflect  .   (no helmet)
rElec    .         Harm     .   (no cloak)
rCorr    .         Rampage  .   (no gloves)
Will     .....                  (no boots)
Stlth    +.........             (no amulet)
HPRegen  0.09/turn              (no ring)
MPRegen  0.09/turn              (no ring)

@: lethally poisoned (-1 -> -26)
A: powered by pain 1, big brain 1
a: Renounce Religion, Depart the Abyss, Bend Space


You were on level 1 of the Dungeon.
You worshipped Lugonu.
Lugonu was pleased with you.
You visited 1 branch of the dungeon, and saw 1 of its levels.
You visited the Abyss 1 time.

You collected 21 gold pieces.

Inventory:

Hand Weapons
 a - a +1 falchion (weapon)
Armour
 b - a +0 leather armour (worn)
Scrolls
 d - a scroll of blinking {unknown}


   Skills:
 + Level 3.2 Fighting
 + Level 2.1 Long Blades
 + Level 2.1 Armour
 + Level 1.3 Dodging
 + Level 2.9 Invocations


You had 2 spell levels left.
You didn't know any spells.
Your spell library contained the following spells:

 Spells                   Type           Power      Damage    Failure   Level
 Magic Dart               Conj           0%         1d3       34%         1
 Summon Small Mammal      Summ           0%         N/A       34%         1
 Blink                    Tloc           N/A        N/A       45%         2
 Call Imp                 Summ           0%         N/A       45%         2
 Slow                     Hex            0%         N/A       45%         2
 Call Canine Familiar     Summ           0%         N/A       71%         3
 Conjure Flame            Conj/Fire      0%         6-21      71%         3
 Mephitic Cloud           Conj/Pois/Air  0%         N/A       71%         3
 Summon Guardian Golem    Hex/Summ       0%         N/A       71%         3
 Summon Ice Beast         Ice/Summ       0%         N/A       98%         4
 Summon Lightning Spire   Summ/Air       0%         N/A       98%         4


Dungeon Overview and Level Annotations

Branches:
Dungeon (1/15)

Altars:


Innate Abilities, Weirdness & Mutations

You sometimes gain a little power by taking damage.
You have an unusually large brain. (Int +2)


Message History

You closely miss the hobgoblin. The hobgoblin hits you.
A hobgoblin is nearby!
You hit the hobgoblin.
The hobgoblin is almost dead.
The hobgoblin hits you but does no damage.
You slash the hobgoblin!
You kill the hobgoblin!
Lugonu accepts your kill.
You have reached level 3!
Your experience leads to an increase in your attributes!
Increase (S)trength, (I)ntelligence, or (D)exterity?
You feel stronger.
Your demonic ancestry asserts itself...
You feel energised by your suffering.
Found a book of Minor Magic.
No target in view!
No target in view!
You see here a book of Minor Magic.
A kobold comes into view. It is wielding a +2 whip of venom.
The kobold shouts!
The kobold hits you with a +2 whip of venom!
You are poisoned.
Found 2 gold pieces.
A kobold is nearby!
You closely miss the kobold.
You feel very sick.
The kobold hits you with a +2 whip of venom.
You are more poisoned.
You are too injured to fight recklessly!
There is a lethal amount of poison in your body!
You are too injured to fight recklessly!
You are too injured to fight recklessly!
There is a lethal amount of poison in your body!
There is a lethal amount of poison in your body!
You are too injured to fight recklessly!
You are too injured to fight recklessly!
You aren't carrying any potions.
Okay, then.
* * * LOW HITPOINT WARNING * * *
You feel extremely sick.
You die...

.........#
##...###.########
#..............:#
#.###..###..###.#
....#..#....#...## #
..###..###..###..# . #
.................# .##.#
..###..###..#.#..# #.....
....#..#.#..#.#.@###...#
#.###..#.#..###...#.$#
................#.K.#
#.#.#..###..#.#.#.......#
#.#..# #..#.#.#.#....## #
#..# #..# #.#.#....# ....
.... ....#.....# ## .....
..###....#.##....
.+.........+ ...... ##..


You could see a kobold.

Vanquished Creatures
  A dart slug (D:1)
  A ball python (D:1)
  3 endoplasms (D:1)
  2 goblins (D:1)
  A hobgoblin (D:1)
  6 jackals (D:1)
  A quokka (D:1)
  2 bats (D:1)
  3 frilled lizards (D:1)
  3 kobolds (D:1)
23 creatures vanquished.

Vanquished Creatures (others)
  2 plants (D:1)
2 creatures vanquished.

Grand Total: 25 creatures vanquished

Notes
Turn   | Place    | Note
-------+----------+-------------------------------------------
     0 | Abyss:1  | kae the Demonspawn Abyssal Knight began the quest for the
                  | Orb.
     0 | Abyss:1  | Reached XP level 1. HP: 18/18 MP: 2/2
    63 | Abyss:1  | Noticed an ancient zyme
    69 | D:1      | Escaped the Abyss
    88 | D:1      | Reached skill level 1 in Dodging
   280 | D:1      | Found a faded altar of an unknown god.
   366 | D:1      | Gained mutation: You have an unusually large brain. (Int
                  | +2) [demonic ancestry]
   366 | D:1      | Reached XP level 2. HP: 8/24 MP: 4/4
  1227 | D:1      | Reached ** piety under Lugonu
  1280 | D:1      | Gained mutation: You sometimes gain a little power by
                  | taking damage. [demonic ancestry]
  1280 | D:1      | Reached XP level 3. HP: 29/29 MP: 5/5
  1297 | D:1      | Succumbed to a kobold's poison

Illustrated notes

Levels and vault maps discovered:
D:1:      erik_arrival_cave_to_civilisation [erik_arrival_cave_to_hall],
          layout_loops_corners, basic_ecumenical_altar, serial_bayou,
          serial_bayou_pond_d, serial_bayou_pond_c, serial_bayou_lake_a,
          serial_bayou_crossing, minmay_misc_feat_iff,
          minmay_misc_feat_nine_boxes, serial_bayou_ford_a

Skill      XL: |  1  2 |
---------------+-------+-----
Dodging        | 1 |  1.3
Long Blades    | 2 |  2.1
Armour         | 2 |  2.1
Fighting       | |  3.2
Invocations    | |  2.9

Action                   || total
-------------------------++-------
Melee: Falchion          ||    63
  Use: Potion            ||     1
Armor: Leather armour    ||    20
Dodge: Dodged            ||    49
       Rpst.: Falchion   ||    17

Table legend: (Time is in decaauts)
 A = Elapsed time spent in this place.
 B = Non-inter-level travel time spent in this place.
 C = Inter-level travel time spent in this place.
 D = Time resting spent in this place.
 E = Time spent auto-exploring this place.
 F = Levels seen in this place.
 G = Mean time per level.
                   A        B        C        D        E       F      G
               +--------+--------+--------+--------+--------+-----+--------+
         Total |   1353 |   1353 |      0 |    248 |    953 |   2 |  676.5 |
       Dungeon |   1284 |   1284 |      0 |    248 |    891 |   1 | 1284.0 |
         Abyss |     69 |     69 |      0 |      0 |     62 |   1 |   69.0 |
               +--------+--------+--------+--------+--------+-----+--------+

Top non-repeatable levels by time:
     D:1: 1284 daAuts
 Abyss:1: 69 daAuts
